 Dungeon Crawl Stone Soup version 0.18-a0-971-g0af6217 (webtiles) character file.

18 4thArraOfDagon the Gusty (level 2, -6/20 HPs)
             Began as a Centaur Air Elementalist on Jan 2, 2016.
             Mangled by a gnoll
             ... wielding a +0 club
              (9 damage)
             ... on level 5 of the Dungeon.
             The game lasted 00:05:46 (802 turns).

4thArraOfDagon the Gusty (Centaur Air Elementalist)  Turns: 802, Time: 00:05:46

Health: -6/20      AC:  5    Str: 15      XL:     2   Next: 51%
Magic:  0/4        EV:  9    Int: 14      God:
Gold:   21         SH:  0    Dex:  7 (9)  Spells: 2 memorised, 1 level left

rFire  . . .     SeeInvis .     n - +0 short sword
rCold  . . .     Gourm    .     a - +0 robe
rNeg   . . .     Faith    .     (no shield)
rPois  .         Spirit   .     e - +0 helmet
rElec  .         Dismiss  .     (no cloak)
rCorr  .         Reflect  .     (no gloves)
SustAt .         Harm     .     (no barding)
MR     .....                    (no amulet)
Stlth  +.........               (no ring)
                                (no ring)

@: mighty, repel missiles, very quick, not resistant to hostile enchantments,
very unstealthy
A: hooves 3, deformed body, speed 2, tough skin 3
a: no special abilities


You were on level 5 of the Dungeon.
You were not hungry.

You visited 1 branch of the dungeon, and saw 6 of its levels.
You also visited: Ossuary.

You collected 21 gold pieces.

Inventory:

Hand Weapons
 n - a +0 short sword (weapon)
Missiles
 o - 12 stones (quivered)
Armour
 a - a +0 robe (worn)
 e - a +0 helmet (worn)
Scrolls
 d - a scroll of remove curse {unknown}
 g - 2 scrolls of blinking {unknown}
 h - 3 scrolls of identify {unknown}
 i - 3 scrolls of amnesia {unknown}
 j - a scroll of enchant weapon {unknown}
 l - a scroll of teleportation {unknown}
Potions
 f - a potion of degeneration
Books
 b - a book of Air

   Spells                             Type                      Level
   a - Shock                          Conjuration/Air              1
   b - Swiftness                      Charms/Air                   2
   c - Repel Missiles                 Charms/Air                   2
   d - Static Discharge               Conjuration/Air              3
   e - Lightning Bolt                 Conjuration/Air              5
Comestibles
 c - 2 bread rations
 k - a chunk of flesh


   Skills:
 - Level 1.3 Dodging
 - Level 1.2 Stealth
 + Level 1.8 Spellcasting
 * Level 2.0 Conjurations
 * Level 2.7 Air Magic


You had one spell level left.
You knew the following spells:

 Your Spells              Type           Power        Failure   Level  Hunger
a - Shock                 Conj/Air       #...         12%         1    ##.....
b - Repel Missiles        Chrm/Air       #.....       24%         2    ###....


Dungeon Overview and Level Annotations

Branches:
Dungeon (6/15)             Temple (0/1) D:5

Altars:
Fedhas

Annotations:
D:2 Jessica, Sigmund
D:3 Natasha


Innate Abilities, Weirdness & Mutations

You have hooves in place of feet.
Armour fits poorly on your strangely shaped body.
You cover ground very quickly.
You have extremely tough skin (AC +3).


Message History

Unknown command.
Unknown command.
The gnoll shouts!
Unknown command.
Unknown command.
Unknown command.
Casting: Shock
Confirm with . or Enter, or press ? or * to list all spells.
Aiming: Shock
Press: ? - help, Shift-Dir - straight line The zap hits the gnoll.
The gnoll is moderately wounded.
The zap misses the ogre.
Unknown command.
Unknown command.
Unknown command.
You puncture the gnoll!
The gnoll is almost dead.
The gnoll hits you with a club!
You die...

#[.......# #.........
........ #...a..... .....
#.###..#.. #..## #.###..###
#...## #.##...8.. ##...####
##......... #.#....#
#..g..8...8
#.####.#######.......... #.#
#.@g##.....)....8.. #o##
###.OgO.c.......### #..#
####ao%.......## ##J#
#...........## #.#
#............. #o#
#...a(.....##. #)#
##########oo##.###.
######.###..................
##..................o.......#


You could see 2 ogres, a centaur (wandering), a worker ant, 2 gnolls and an orc.

Vanquished Creatures
  3 orcs (D:5)
  A hobgoblin (D:1)
  6 jackals
  A bat (D:1)
  A giant newt (D:4)
  A kobold (D:1)
  A rat (D:1)
14 creatures vanquished.

Notes
Turn   | Place    | Note
--------------------------------------------------------------
     0 | D:1      | 4thArraOfDagon the Centaur Air Elementalist began the quest for the Orb.
     0 | D:1      | Reached XP level 1. HP: 14/14 MP: 3/3
    47 | D:1      | Reached skill level 1 in Conjurations
    73 | D:2      | Noticed Jessica
    76 | D:2      | Noticed Sigmund
   174 | D:1      | Reached XP level 2. HP: 7/20 MP: 0/4
   185 | D:1      | Learned a level 2 spell: Repel Missiles
   382 | D:5      | Entered Level 5 of the Dungeon
   382 | D:5      | Noticed an ogre
   395 | D:6      | Noticed a crimson imp
   407 | D:5      | Noticed a crimson imp
   413 | D:5      | Found a staircase to the Ecumenical Temple.
   413 | D:5      | Noticed a centaur
   413 | D:5      | Noticed an ogre
   490 | D:3      | Noticed Natasha
   621 | D:5      | Found a blossoming altar of Fedhas.
   627 | D:5      | Found a sand-covered staircase.
   633 | Ossuary  | Entered an ossuary
   802 | D:5      | Mangled by a gnoll

Vault maps used:
D:1:      arrival_zaba_pyramid
D:2:      nicolae_ru_path_of_blood, first_bread, st_stairs_12, uniq_sigmund,
          uniq_jessica
D:3:      marbit_many_paths, overflow_temple_1_default, old_standard_altar,
          ashenzari_altar_1, uniq_natasha
D:4:      amethyst_overflow_temple_binary, minivault_23
D:5:      kennysheep_mini, fedhas_altar_3, nicolae_ossuary_entry_monument
D:6:      kennysheep_little_box, lemuel_crystal_altar, uniq_crazy_yiuf_cottage,
          uniq_blork_the_orc
Ossuary:  minmay_ossuary_two_tombs

Action                   || total
-------------------------++-------
Melee: Unarmed           ||    26
       Short sword       ||    11
 Cast: Shock             ||    22
       Repel Missiles    ||     1
  Use: Potion            ||     3
